 Dungeon Crawl Stone Soup version 0.30.0-10-gfe55d96785 (webtiles) character file.

Game seed: 3217064024515035669

4276 Brutalitops the Magician (level 10, 0/70 HPs)
             Began as a Merfolk Hedge Wizard on May 15, 2023.
             Was a High Priest of Okawaru.
             Slain by a black mamba (8 damage)
             ... on level 1 of the Lair of Beasts.
             The game lasted 00:36:13 (8448 turns).

Brutalitops the Magician (Merfolk Hedge Wizard)     Turns: 8448, Time: 00:36:15

Health: 0/70       AC:  9    Str: 13      XL:     10   Next: 31%
Magic:  19/19      EV: 18    Int: 22      God:    Okawaru [*****.]
Gold:   210        SH:  0    Dex: 17 (18) Spells: 16/22 levels left

rFire   + + .        r - +9 hammer "Umam" {flame, rF+ Str+3}
rCold   . . .        (no shield)
rNeg    . . .        g - +1 ring mail {rF+}
rPois   +            c - +0 hat
rElec   .            o - +0 cloak
rCorr   .            (no gloves)
SInv    .            y - +0 pair of boots
Will    .....        A - amulet of magic regeneration
Stlth   ++           O - +6 ring of intelligence
HPRegen 0.31/turn    t - +5 ring of evasion
MPRegen 0.56/turn

%: no passive effects
@: lethally poisoned (0 -> -5)
A: (nimble swimmer 2), mertail, agile 1, deterioration 1, poison resistance,
screaming 1
a: Renounce Religion, Heroism, Finesse, Duel


You were on level 1 of the Lair of Beasts.
You worshipped Okawaru.
Okawaru was extremely pleased with you.
You visited 2 branches of the dungeon, and saw 9 of its levels.

You collected 282 gold pieces.
You spent 72 gold pieces at shops.

Inventory:

Hand Weapons
 i - a +2 quarterstaff of chaos
 j - a +0 falchion of electrocution
 m - a +1 long sword
 r - the +9 hammer "Umam" (weapon) {flame, rF+ Str+3}
   (You found it on level 2 of the Dungeon)

   Str:       It affects your strength (+3).
   rF:        It protects you from fire.
 L - a +0 spear of freezing
 M - a +2 falchion of holy wrath
 N - a +4 scimitar of flaming
Missiles
 K - 2 throwing nets
Armour
 a - a +2 robe of willpower
 b - a +0 robe
 c - a +0 hat (worn)
 g - a +1 ring mail of fire resistance (worn)
 o - a +0 cloak (worn)
 v - a +2 scale mail of cold resistance
 y - a +0 pair of boots (worn)
 z - +0 steam dragon scales
Jewellery
 n - a ring of wizardry
 t - a +5 ring of evasion (right hand)
 x - a +6 ring of strength
 A - an amulet of magic regeneration (around neck)
 O - a +6 ring of intelligence (left hand)
Wands
 e - a wand of roots (4)
 f - a wand of light (9)
 u - a wand of polymorph (7)
 J - a wand of flame (30)
Scrolls
 k - 4 scrolls of magic mapping
 l - 5 scrolls of teleportation
 p - a scroll of blinking {unknown}
 q - 2 scrolls of acquirement {unknown}
 w - 2 scrolls of fog {unknown}
 B - 4 scrolls of torment {unknown}
 C - a scroll of silence {unknown}
 D - 2 scrolls of noise {unknown}
Potions
 d - 2 potions of magic
 h - 3 potions of brilliance
 s - 2 potions of might
 E - a potion of cancellation
 F - a potion of haste {unknown}
 G - a potion of resistance
 H - a potion of lignification
 I - a potion of attraction {unknown}


   Skills:
 + Level 3.5 Fighting
 + Level 0.6(2.1) Short Blades
 + Level 3.1(3.2) Long Blades
 + Level 5.2 Maces & Flails
 + Level 3.9 Armour
 + Level 5.4 Dodging
 + Level 5.0 Stealth
 + Level 6.6 Spellcasting
 + Level 5.5 Conjurations
 + Level 1.0 Summonings
 + Level 0.7 Translocations
 + Level 1.7 Air Magic
 + Level 1.2 Poison Magic


You had 16 spell levels left.
You knew the following spells:

 Your Spells              Type           Power      Damage    Failure   Level
a - Magic Dart            Conj           100%       1d8       1%          1
b - Static Discharge      Conj/Air       46%        2-4/arc   6%          2
c - Mephitic Cloud        Conj/Pois/Air  19%        N/A       17%         3

Your spell library contained the following spells:

 Spells                   Type           Power      Damage    Failure   Level
 Slow                     Hex            28%        N/A       19%         1
 Cigotuvi's Dreadful Rot  Necr/Pois/Air  22%        N/A       19%         2
 Blink                    Tloc           20%        N/A       21%         2
 Frozen Ramparts          Ice            14%        1d3       47%         3
 Airstrike                Air            7%         2d(1-17)  65%         4
 Dispel Undead            Necr           7%         3d8       87%         4
 Ice Form                 Ice/Tmut       7%         N/A       87%         4
 Call Imp                 Summ           Unusable   N/A       N/A         2
 Summon Lightning Spire   Summ/Air       Unusable   N/A       N/A         4
 Summon Ice Beast         Ice/Summ       Unusable   N/A       N/A         4
 Death Channel            Necr           Unusable   N/A       N/A         6

Dungeon Overview and Level Annotations

Branches:
Dungeon (8/15)             Temple (0/1) D:4            Lair (1/5) D:8

Altars:
Ashenzari
Cheibriados
Gozag
Hepliaklqana
Makhleb
Okawaru
Sif Muna
Vehumet
Yredelemnul
The Shining One

Shops:
D:5 *   D:8 :


Innate Abilities, Weirdness & Mutations

((You are very nimble when in or above water. (Stealth+, EV+, Speed+++)))
Your lower body shifts to a powerful aquatic tail in water.
You are agile. (Dex +4, Str/Int -1)
Your body sometimes deteriorates upon taking damage.
Your system is resistant to poisons. (rPois)
You occasionally shout uncontrollably at your foes.


Message History

The black mamba bites you.
A bullfrog comes into view.
The black mamba bites you but does no damage.
You barely miss the black mamba.
The black mamba is moderately wounded.
The black mamba misses you. The black mamba bites you!
Your body deteriorates!
You feel clumsy.
You are poisoned.
The black mamba poisons you!
You miss the black mamba.
The black mamba is moderately wounded.
You feel very sick.
The black mamba bites you but does no damage.
The black mamba misses you.
The bullfrog croaks.
You hit the black mamba. You burn the black mamba.
The black mamba is heavily wounded.
You feel very sick. The black mamba barely misses you.
The black mamba bites you!
It was a potion of cancellation.
You feel magically purged.
You feel sick. The black mamba closely misses you. x2
A blink frog comes into view.
You yell at the blink frog!
You hear a loud, deep croak! x3
You hit the black mamba. You burn the black mamba.
Your punch misses the black mamba.
The black mamba is severely wounded.
You feel very sick. The black mamba bites you.
* * * LOW HITPOINT WARNING * * *
The black mamba bites you!
* * * LOW HITPOINT WARNING * * *
A blink frog comes into view.
You barely miss the black mamba.
The black mamba is heavily wounded.
You feel sick.
The blink frog croaks.
The black mamba bites you.
* * * LOW HITPOINT WARNING * * *
The black mamba bites you!
You die...

..~~~~~~~..#
#..~..F...###
#...........####
##....F........##
#...............#
##...............##
#.................#
##.......F........##
#.......@.........#
#......S.........##
##...............P#
###...........####
######.....##
#####.# ###


You could see a black mamba, 2 blink frogs and a bullfrog.

Vanquished Creatures
  Erica (D:8)
  A steam dragon (D:8)
  Menkaure (D:7)
  3 wargs (D:8)
  2 water moccasins
  An ice beast (D:5)
  3 orc warriors
  A sky beast (D:5)
  2 ogres (D:4)
  2 centaurs
  A phantom (D:7)
  3 bullfrogs
  2 scorpions
  6 killer bees (D:8)
  3 electric eels (D:8)
  A howler monkey (D:4)
  Crazy Yiuf (D:2)
  7 hounds
  2 gnoll boudas (D:6)
  5 orc priests
  4 jellies
  A sleepcap (D:7)
  Ijyb (D:3)
  3 iguanas
  8 orc wizards
  13 gnolls
  11 adders
  2 white imps (D:7)
  2 worms (D:2)
  2 dart slugs
  27 orcs
  6 bats
  9 endoplasms
  4 giant cockroaches
  7 goblins
  3 hobgoblins
  3 jackals (D:4)
  3 quokkas
  4 ball pythons
  7 frilled lizards
  4 kobolds
  7 rats
179 creatures vanquished.

Vanquished Creatures (others)
  A sky beast (D:7)
  An orc wizard (D:8)
2 creatures vanquished.

Grand Total: 181 creatures vanquished

Notes
Turn   | Place    | Note
-------+----------+-------------------------------------------
     0 | D:1      | Brutalitops the Merfolk Hedge Wizard began the quest for
                  | the Orb.
     0 | D:1      | Reached XP level 1. HP: 13/13 MP: 4/4
   274 | D:1      | Reached XP level 2. HP: 12/19 MP: 4/6
   987 | D:1      | Reached skill level 1 in Conjurations
  1510 | D:2      | Reached XP level 3. HP: 24/24 MP: 0/8
  2162 | D:2      | Found a runed translucent door.
  2163 | D:2      | Noticed Crazy Yiuf
  2456 | D:2      | Gained mutation: You occasionally shout uncontrollably at
                  | your foes. [potion of mutation]
  2456 | D:2      | Gained mutation: Your body sometimes deteriorates upon
                  | taking damage. [potion of mutation]
  2456 | D:2      | Gained mutation: You are frail. (-10% HP) [potion of
                  | mutation]
  2456 | D:2      | Gained mutation: Your muscles are strong. (Str +4, Int/Dex
                  | -1) [potion of mutation]
  2466 | D:2      | Killed Crazy Yiuf
  2467 | D:2      | Reached skill level 1 in Long Blades
  2467 | D:2      | Reached XP level 4. HP: 7/27 MP: 9/9
  2493 | D:2      | Identified the +9 hammer "Umam" {flame, rF+ Str+3}
  2701 | D:3      | Found an iron altar of Okawaru.
  2708 | D:3      | Became a worshipper of Warmaster Okawaru
  2729 | D:3      | Reached skill level 4 in Spellcasting
  2983 | D:3      | Found a radiant altar of Vehumet.
  2987 | D:3      | Found a broken altar of Ashenzari.
  2987 | D:3      | Found a shimmering blue altar of Sif Muna.
  2987 | D:3      | Found a glowing golden altar of the Shining One.
  2991 | D:3      | Found a snail-covered altar of Cheibriados.
  2992 | D:3      | Found a burning altar of Makhleb.
  2993 | D:3      | Found a basalt altar of Yredelemnul.
  3099 | D:3      | Noticed Ijyb
  3109 | D:3      | Killed Ijyb
  3110 | D:3      | Reached XP level 5. HP: 29/32 MP: 11/11
  3341 | D:4      | Noticed an ogre
  3350 | D:4      | Killed an ogre
  3351 | D:4      | Reached XP level 6. HP: 23/37 MP: 7/12
  3538 | D:4      | Reached skill level 1 in Fighting
  3727 | D:4      | Reached skill level 1 in Maces & Flails
  3727 | D:4      | Reached skill level 1 in Armour
  4083 | D:4      | Reached * piety under Okawaru
  4269 | D:4      | Found a staircase to the Ecumenical Temple.
  4446 | D:4      | Reached XP level 7. HP: 41/43 MP: 10/14
  4556 | D:5      | Entered Level 5 of the Dungeon
  4780 | D:5      | Reached skill level 5 in Spellcasting
  4906 | D:5      | Found Xaolorr's Assorted Antiques.
  4915 | D:5      | Bought a scroll labelled OGEGAUQ TYOL for 19 gold pieces
  4915 | D:5      | Bought a sedimented purple potion for 17 gold pieces
  4915 | D:5      | Bought a scroll labelled KUMAUB ABBESAU for 19 gold pieces
  4915 | D:5      | Bought a dark potion for 17 gold pieces
  5061 | D:5      | Found an opulent altar of Gozag.
  5086 | D:5      | Reached ** piety under Okawaru
  5087 | D:5      | Reached XP level 8. HP: 49/49 MP: 15/15
  5369 | D:6      | Learned a level 2 spell: Static Discharge
  5725 | D:6      | Reached *** piety under Okawaru
  5760 | D:6      | Lost mutation: Your muscles are strong. (Str +4, Int/Dex
                  | -1) [potion of mutation]
  5760 | D:6      | Lost mutation: You are frail. (-10% HP) [potion of
                  | mutation]
  5760 | D:6      | Gained mutation: Your system is resistant to poisons.
                  | (rPois) [potion of mutation]
  5760 | D:6      | Gained mutation: You are agile. (Dex +4, Str/Int -1)
                  | [potion of mutation]
  5868 | D:6      | Found a hazy altar of Hepliaklqana.
  6300 | D:7      | Reached XP level 9. HP: 62/62 MP: 15/17
  6307 | D:7      | Noticed Menkaure
  6308 | D:7      | Learned a level 3 spell: Mephitic Cloud
  6315 | D:7      | HP: 3/62 [sleepcap (3)]
  6318 | D:7      | Killed Menkaure
  6322 | D:7      | Reached skill level 6 in Spellcasting
  6477 | D:7      | Reached skill level 5 in Conjurations
  7286 | D:8      | Found Siholu's Book Shop.
  7341 | D:8      | Noticed Erica
  7354 | D:8      | Killed Erica
  7354 | D:8      | Reached **** piety under Okawaru
  7653 | D:8      | Reached skill level 5 in Dodging
  7734 | D:8      | Reached skill level 1 in Poison Magic
  7828 | D:8      | Found a staircase to the Lair.
  7843 | D:8      | Reached skill level 5 in Maces & Flails
  7843 | D:8      | Reached XP level 10. HP: 52/70 MP: 19/19
  7851 | D:8      | Reached ***** piety under Okawaru
  7852 | D:8      | Reached skill level 1 in Air Magic
  8024 | D:8      | Reached skill level 5 in Stealth
  8391 | Lair:1   | Entered Level 1 of the Lair of Beasts
  8415 | Lair:1   | Noticed a black mamba
  8448 | Lair:1   | Slain by a black mamba

Illustrated notes

Levels and vault maps discovered:
D:1:      shiori_arrival_oz, layout_loops_corners, grunt_decor_arrowhead
D:2:      layout_basic, uniq_crazy_yiuf_cottage
D:3:      layout_loops_ring, mainiacjoe_overflow_brackets, minitemple, uniq_ijyb
D:4:      layout_loops_ring, minmay_temple_entry_arrows,
          chequers_serial_rivers_micro_c
D:5:      layout_loops_cross, lemuel_doored_altar, serial_shops,
          nicolae_shop_overgrown_old_shop
D:6:      minmay_evil_eye, layout_basic, kennysheep_little_box,
          kennysheep_generic_room_3
D:7:      layout_basic, uniq_menkaure
D:8:      layout_gridville, erik_lair_orcish_takeover, serial_shops,
          nicolae_inconvenience_store, uniq_erica
Lair:1:   layout_cave_pods, nicolae_lair_run_with_the_wolves,
          infiniplex_staircase_pool_2, grunt_megastairs_3

Skill      XL: |  1  2  3  4  5  6  7  8  9 10 |
---------------+-------------------------------+-----
Conjurations   | 1 2 3 4 5 |  5.5
Dodging        | 3 4 5 |  5.4
Long Blades    | 1 2 3 |  3.1
Spellcasting   | 4 5 6 |  6.6
Fighting       | 1 2 3 |  3.5
Maces & Flails | 1 2 4 5 |  5.2
Armour         | 1 2 3 |  3.9
Stealth        | 3 4 5 |  5.0
Poison Magic   | 1 |  1.2
Air Magic      | 1 |  1.7
Short Blades   | |  0.6
Summonings     | |  1.0
Translocations | |  0.7

Action                     |  1- 3 |  4- 6 |  7- 9 | 10-12 || total
---------------------------+-------+-------+-------+-------++-------
  Melee: Dagger            |    45 |       |       |       ||    45
         Punch             |     1 |       |     2 |       ||     3
         Long sword        |    28 |       |       |       ||    28
         Mace              |       |    55 |   162 |    87 ||   304
         Falchion          |       |       |    12 |       ||    12
   Cast: Magic Dart        |    69 |    75 |   148 |     3 ||   295
         Static Discharge  |       |       |     4 |       ||     4
         Mephitic Cloud    |       |       |     6 |     3 ||     9
    Use: Scroll            |     5 |     3 |       |       ||     8
         Potion            |     5 |       |     4 |     2 ||    11
   Stab: Confused          |       |       |     5 |     3 ||     8
         Sleeping          |       |       |     2 |       ||     2
 Armour: Robe              |     8 |       |       |       ||     8
         Ring mail         |     9 |     8 |    48 |    23 ||    88
         Skin              |     9 |       |       |       ||     9
  Dodge: Dodged            |    33 |    26 |   213 |    93 ||   365
